Match 25000646
Unlisted

Match 25000646
End
Construct Infanterie Kompanie
Selects Luftwaffe Battlegroup
Selects Luftwaffe Pioneer Support
Fallschirmpioneer Squad Paradrop
MG 42 Machine Gun Team
Grenadier Squad
Selects Stuka Strafing Run
Stuka Strafing Run
Grenadier Squad
Grenadier Squad
Medical Station
Selects Fallschirmjäger Squad Paradrop
Stuka Strafing Run
Fallschirmjäger Squad Paradrop
Construct Luftwaffe Kompanie
Stuka Strafing Run
Support Elements
Wirbelwind Flakpanzer
Stuka Strafing Run
Selects Stuka Loiter
Marder III M Tank Destroyer
Fallschirmjäger Squad Paradrop
Construct Panzergrenadier Kompanie
Stuka Strafing Run
StuG III G Assault Gun
Construct Panzer Kompanie
Stuka Strafing Run
Stuka Loiter
Selects Luftwaffe Combat Group
Fallschirmjäger Squad Paradrop
Panzer IV Medium Tank
Stuka Strafing Run
Fallschirmjäger Squad Paradrop
Selects Infantry Reserves
Stuka Loiter
Panzer IV Medium Tank
Panzer IV Medium Tank
Fallschirmjäger Squad Paradrop
Stuka Loiter
Fallschirmjäger Squad Paradrop
Fallschirmpioneer Squad Paradrop
Sturmpanzer IV Brummbär
Stuka Strafing Run
Fallschirmjäger Squad Paradrop
Fallschirmpioneer Squad Paradrop
Fallschirmpioneer Squad Paradrop
Fallschirmjäger Squad Paradrop
Stuka Strafing Run
Fallschirmpioneer Squad Paradrop
Fallschirmpioneer Squad Paradrop
EDMUNDDZHANG
wntmd112
神鹰
Robin Swell
YangXYZ
H0496
弹弹弹
킴스
0
0

Comments sign in to comment!

No comments posted yet!